 Dungeon Crawl Stone Soup version 0.22-a0-605-g9281fa2 (webtiles) character file.

399 chorionicmirror the Changer (level 6, -9/44 HPs)
             Began as a Gnoll Wanderer on July 8, 2018.
             Splashed by Ijyb's acid (13 damage)
             ... on level 3 of the Dungeon.
             The game lasted 00:09:44 (2493 turns).

chorionicmirror the Changer (Gnoll Wanderer)        Turns: 2493, Time: 00:09:44

Health: -9/44      AC:  2    Str: 16    XL:     6   Next: 84%
Magic:  10/11      EV: 12    Int: 14    God:
Gold:   156        SH:  0    Dex: 15    Spells: 11/12 levels left

rFire    . . .     SeeInvis .   d - +1 dagger (speed)
rCold    . . .     Gourm    .   (no shield)
rNeg     . . .     Faith    .   i - +0 leather armour
rPois    .         Spirit   .   h - +2 helmet
rElec    .         Reflect  .   (no cloak)
rCorr    .         Harm     .   (no gloves)
MR       .....                  (boots currently unavailable)
Stlth    +++.......             (no amulet)
HPRegen  0.14/turn              (no ring)
MPRegen  0.12/turn              (no ring)

@: appendage, corroded
A: distributed training, fangs 1, talons 3, strong nose
a: End Transformation


You were on level 3 of the Dungeon.
You were not hungry.
You had grown temporary talons.
You visited 1 branch of the dungeon, and saw 3 of its levels.

You collected 156 gold pieces.

Inventory:

Hand Weapons
 d - a +1 dagger of speed (weapon)
Armour
 h - a +2 helmet (worn)
 i - a +0 leather armour (worn)
 j - a +0 shield
Wands
 k - a wand of digging (5)
Scrolls
 c - a scroll of remove curse
 e - a scroll of identify
Potions
 g - 2 potions of brilliance
Comestibles
 b - 24 chunks of flesh
 f - 4 rations


   Skills:
 + Level 2.1 Fighting
 + Level 2.1 Short Blades
 + Level 2.1 Long Blades
 + Level 2.1 Axes
 + Level 2.1 Maces & Flails
 + Level 2.1 Polearms
 + Level 3.3 Staves
 + Level 2.1 Slings
 + Level 2.1 Bows
 + Level 2.1 Crossbows
 + Level 2.1 Throwing
 + Level 2.1 Armour
 + Level 2.1 Dodging
 + Level 4.6 Stealth
 + Level 5.0 Shields
 + Level 2.1 Unarmed Combat
 + Level 3.5 Spellcasting
 + Level 1.6 Conjurations
 + Level 1.6 Hexes
 + Level 1.6 Charms
 + Level 1.6 Summonings
 + Level 1.6 Necromancy
 + Level 1.6 Translocations
 + Level 5.7 Transmutations
 + Level 1.6 Fire Magic
 + Level 2.7 Ice Magic
 + Level 1.6 Air Magic
 + Level 1.6 Earth Magic
 + Level 1.6 Poison Magic
 + Level 2.3 Invocations
 + Level 2.1 Evocations


You had 11 spell levels left.
You knew the following spells:

 Your Spells              Type           Power        Failure   Level  Hunger
a - Beastly Appendage     Tmut           ###...       2%          1    #......

Your spell library contained the following spells:

 Spells                   Type           Power        Failure   Level  Hunger
 Throw Frost              Conj/Ice       #.....       16%         2    ##.....
 Spider Form              Tmut/Pois      ##........   17%         3    ###....
 Blade Hands              Tmut           ###.......   54%         5    ######.
 Ice Form                 Ice/Tmut       ##......     41%         4    #####..
 Sticks to Snakes         Tmut           ###.....     3%          2    ##.....
 Ensorcelled Hibernation  Hex/Ice        #.....       16%         2    ##.....


Dungeon Overview and Level Annotations

Branches:
Dungeon (3/15)

Altars:
Nemelex Xobeh
The Shining One

Annotations:
D:3 Ijyb


Innate Abilities, Weirdness & Mutations

Your experience applies equally to all skills.
You have very sharp teeth.
Your uncanny sense of smell can sniff out nearby items.
You have claws for feet.


Message History

h - a shiny helmet Wear which item? (? for menu, Esc to quit)
You start removing your armour.
You continue taking off your +0 helmet. x4
You finish taking off your +0 helmet.
You start putting on your armour.
You continue putting on your shiny helmet. x2
Some of the chunks of flesh in your inventory have rotted away.
You continue putting on your shiny helmet. x3
You finish putting on your +2 helmet.
Drop what? 11/52 slots (_ for help) (? for menu, Esc to quit)
You drop a +0 helmet.
You see here a dagger.
A hobgoblin and Ijyb come into view.
Ijyb shouts!
Casting: Beastly Appendage (safe; 2% risk of failure)
Confirm with . or Enter, or press ? or * to list all spells.
Your feet morph into talons.
Ijyb zaps a wand.
The bolt of acid hits you!
* * * LOW HITPOINT WARNING * * *
The acid corrodes you!
You are splashed with acid!
The acid burns!
You die...

#......
#......#############
#......g...........#
#.......####.#######
#.......# #.#
...###... #g# ..
#...# #.# #.#.# #.#
∆ .. .# #@# .. ..
#.# ..# .. #.# #.#
#.# #.# #)# #[# #)#


You could see Ijyb.

Vanquished Creatures
  Sigmund (D:2)
  2 orc priests (D:3)
  Natasha (thrice) (D:2)
  Robin (D:3)
  3 adders (D:2)
  A dart slug (D:1)
  A leopard gecko (D:1)
  5 orcs (D:3)
  5 bats
  6 giant cockroaches
  13 goblins
  5 hobgoblins
  2 jackals (D:1)
  A quokka (D:2)
  2 ball pythons (D:1)
  3 frilled lizards
  6 kobolds
  4 rats (D:2)
64 creatures vanquished.

Notes
Turn   | Place    | Note
-------+----------+-------------------------------------------
     0 | D:1      | chorionicmirror the Gnoll Wanderer began the quest for the Orb.
     0 | D:1      | chorionicmirror set off with: a potion of lignification, a +0 robe, a +0 dagger, a ration
     0 | D:1      | Reached XP level 1. HP: 13/13 MP: 4/4
     2 | D:1      | Learned a level 1 spell: Beastly Appendage
     8 | D:1      | Noticed a polar bear
     8 | D:1      | Noticed a water moccasin
     8 | D:1      | Noticed a killer bee
     8 | D:1      | Noticed a crocodile
   374 | D:1      | Reached XP level 2. HP: 16/19 MP: 3/5
   881 | D:2      | Noticed Sigmund
   920 | D:2      | Reached XP level 3. HP: 25/25 MP: 7/7
   967 | D:2      | Reached skill level 1 in Invocations
  1138 | D:2      | Noticed Natasha
  1147 | D:2      | Killed Natasha
  1147 | D:2      | Reached skill level 1 in Fighting
  1147 | D:2      | Reached skill level 1 in Short Blades
  1147 | D:2      | Reached skill level 1 in Long Blades
  1147 | D:2      | Reached skill level 1 in Axes
  1147 | D:2      | Reached skill level 1 in Maces & Flails
  1147 | D:2      | Reached skill level 1 in Polearms
  1147 | D:2      | Reached skill level 1 in Slings
  1147 | D:2      | Reached skill level 1 in Bows
  1147 | D:2      | Reached skill level 1 in Crossbows
  1147 | D:2      | Reached skill level 1 in Throwing
  1147 | D:2      | Reached skill level 1 in Armour
  1147 | D:2      | Reached skill level 1 in Dodging
  1147 | D:2      | Reached skill level 1 in Unarmed Combat
  1147 | D:2      | Reached skill level 1 in Evocations
  1147 | D:2      | Reached XP level 4. HP: 16/32 MP: 6/8
  1338 | D:2      | Found a glowing golden altar of the Shining One.
  1352 | D:2      | Noticed Natasha
  1363 | D:2      | Killed Natasha
  1363 | D:2      | Reached skill level 1 in Conjurations
  1363 | D:2      | Reached skill level 1 in Hexes
  1363 | D:2      | Reached skill level 1 in Charms
  1363 | D:2      | Reached skill level 1 in Summonings
  1363 | D:2      | Reached skill level 1 in Necromancy
  1363 | D:2      | Reached skill level 1 in Translocations
  1363 | D:2      | Reached skill level 1 in Fire Magic
  1363 | D:2      | Reached skill level 1 in Air Magic
  1363 | D:2      | Reached skill level 1 in Earth Magic
  1363 | D:2      | Reached skill level 1 in Poison Magic
  1663 | D:2      | Killed Sigmund
  1663 | D:2      | Reached XP level 5. HP: 17/38 MP: 8/10
  1663 | D:2      | Reached XP level 6. HP: 19/44 MP: 8/11
  2174 | D:2      | Noticed Natasha
  2182 | D:2      | Killed Natasha
  2213 | D:2      | Found a sparkling altar of Nemelex Xobeh.
  2216 | D:2      | Reached skill level 5 in Shields
  2404 | D:3      | Noticed Robin
  2426 | D:3      | Killed Robin
  2480 | D:3      | Noticed Ijyb
  2493 | D:3      | Splashed by Ijyb's acid

Vault maps used:
D:1:      onia_arrival_zoo_common, hangedman_decor_peaks_small,
          minmay_misc_feat_ornament, minmay_misc_feat_hallway
D:2:      nemelex_xobeh_ov_fountains_minmay, tso_altar, uniq_natasha,
          uniq_sigmund
D:3:      cheibrodos_pilgrimage, nicolae_overflow_crystal_walls, first_ration,
          moated_statue, uniq_robin, uniq_ijyb

Skill      XL: |  1  2  3  4  5  6 |
---------------+-------------------+-----
Ice Magic      | 2 |  2.7
Invocations    | 1 2 |  2.3
Fighting       | 1 2 |  2.1
Short Blades   | 1 2 |  2.1
Long Blades    | 1 2 |  2.1
Axes           | 1 2 |  2.1
Maces & Flails | 1 2 |  2.1
Polearms       | 1 2 |  2.1
Slings         | 1 2 |  2.1
Bows           | 1 2 |  2.1
Crossbows      | 1 2 |  2.1
Throwing       | 1 2 |  2.1
Armour         | 1 2 |  2.1
Dodging        | 1 2 |  2.1
Unarmed Combat | 1 2 |  2.1
Evocations     | 1 2 |  2.1
Spellcasting   | 3 |  3.5
Conjurations   | 1 |  1.6
Hexes          | 1 |  1.6
Charms         | 1 |  1.6
Summonings     | 1 |  1.6
Necromancy     | 1 |  1.6
Translocations | 1 |  1.6
Fire Magic     | 1 |  1.6
Air Magic      | 1 |  1.6
Earth Magic    | 1 |  1.6
Poison Magic   | 1 |  1.6
Staves         | 3 |  3.3
Shields        | 5 |  5.0
Stealth        | |  4.6
Transmutations | |  5.7

Action                   |  1- 3 |  4- 6 || total
-------------------------+-------+-------++-------
Melee: Dagger            |   124 |   162 ||   286
       Bite              |    12 |     8 ||    20
       Kick              |     8 |    27 ||    35
 Cast: Beastly Appendage |     8 |     6 ||    14
  Use: Potion            |     2 |     1 ||     3
       Scroll            |     4 |     1 ||     5
 Stab: Sleeping          |     3 |     2 ||     5
       Distracted        |     1 |       ||     1
  Eat: Chunk             |     1 |     1 ||     2
       Ration            |       |     1 ||     1
Armor: Robe              |    14 |       ||    14
       Leather armour    |    19 |    19 ||    38
       Skin              |       |    10 ||    10
Dodge: Dodged            |    73 |    67 ||   140

Table legend:
 A = Spawn XP
 B = Non-spawn XP
 C = Spawn XP percentage of total XP
 D = Spawn monster count
 E = Non-spawn monster count
 F = Spawn count percentage of total count
 G = Total turns spent on level
                    A         B        C        D         E        F      G
               +---------+---------+-------+---------+---------+-------+---------
         Total |       0 |     570 |   0.0 |       0 |      64 |   0.0 |  2493
               +---------+---------+-------+---------+---------+-------+---------
           D:1 |       0 |      33 |   0.0 |       0 |      18 |   0.0 |   911
           D:2 |       0 |     410 |   0.0 |       0 |      30 |   0.0 |  1380
           D:3 |       0 |     127 |   0.0 |       0 |      16 |   0.0 |   202
               +---------+---------+-------+---------+---------+-------+---------
